 Dungeon Crawl Stone Soup version 0.17.0-24-gcfadda4 (webtiles) character file.

154171 Helmschank the Executioner (level 17, -7/162 HPs)
             Began as a Hill Orc Abyssal Knight on Nov 16, 2015.
             Was the Champion of Lugonu.
             Mangled by a merfolk impaler
             ... wielding a +4 trident of protection
              (16 damage)
             ... on level 1 of the Shoals.
             The game lasted 03:57:01 (51546 turns).

Helmschank the Executioner (HOAK)                  Turns: 51546, Time: 03:57:01

Health: -7/162     AC: 26    Str: 24    XL:     17   Next: 62%
Magic:  26/26      EV: 10    Int: 11    God:    Lugonu [******]
Gold:   1723       SH:  5    Dex: 10    Spells: 0 memorised, 16 levels left

rFire  + + +     SeeInvis .     w - +2 broad axe (elec)
rCold  . . .     Clarity  +     i - +1 fire dragon armour "Moefaac" {rF++ rC- Regen+ Int+2}
rNeg   . . .     SustAt   .     p - +0 buckler {reflect}
rPois  +         Gourm    .     W - +2 helmet
rElec  +         Spirit   .     N - +1 cloak {rPois}
rCorr  +         Warding  .     R - +1 pair of gloves of Mumblety Peg {rElec rF+ Regen+ rCorr Int-3}
rMut   .         Stasis   .     V - +1 pair of boots {Fly}
MR     +....                    L - amulet of clarity
Stlth  ..........               o - ring of protection from cold
                                S - +2 ring of strength

@: flying, somewhat resistant to hostile enchantments, extremely unstealthy
A: talons 1
a: Depart the Abyss, Bend Space, Banish, Corrupt, Enter the Abyss, Brand Weapon
With Distortion, Renounce Religion, Stop Flying


You were on level 1 of the Shoals.
You worshipped Lugonu.
Lugonu was exalted by your worship.
You were not hungry.

You visited 5 branches of the dungeon, and saw 31 of its levels.
You visited the Abyss 2 times.
You also visited: Sewer.

You collected 3634 gold pieces.
You spent 1911 gold pieces at shops.

Inventory:

Hand Weapons
 a - a +0 battleaxe
 d - a +1 antimagic hand axe
 s - a +1 war axe of venom
 w - a +2 broad axe of electrocution (weapon)
Missiles
 r - 6 javelins
 y - 3 steel javelins
 M - 7 steel tomahawks
 O - 3 silver tomahawks
 T - 6 poisoned tomahawks (quivered)
Armour
 i - the +1 fire dragon armour "Moefaac" (worn) {rF++ rC- Regen+ Int+2}
   (You found it on level 12 of the Dungeon)

   It affects your intelligence (+2).
   It greatly protects you from fire.
   It makes you vulnerable to cold.
   It increases your rate of regeneration.
 p - a +0 buckler of reflection (worn)
 N - a +1 cloak of poison resistance (worn)
 R - the +1 pair of gloves of Mumblety Peg (worn) {rElec rF+ Regen+ rCorr Int-3}
   (You bought it in a shop on level 1 of the Snake Pit)

   It affects your intelligence (-3).
   It protects you from fire.
   It insulates you from electricity.
   It increases your rate of regeneration.
   It protects you from acid and corrosion.
 V - a +1 pair of boots of flying (worn)
 W - a +2 helmet (worn)
Jewellery
 b - an uncursed amulet of warding
 o - a ring of protection from cold (right hand)
 u - an uncursed ring of protection from magic
 H - an uncursed amulet of stasis
 I - an uncursed ring of protection from fire
 J - an uncursed ring of positive energy
 L - an amulet of clarity (around neck)
 S - a +2 ring of strength (left hand)
 X - an uncursed amulet of resist corrosion
Wands
 v - a wand of invisibility (3)
 A - a wand of fire (4)
 K - a wand of disintegration (9)
 Z - a wand of teleportation (1)
Scrolls
 e - 3 scrolls of blinking
 k - 2 scrolls of magic mapping
 q - 10 scrolls of remove curse
 z - 10 scrolls of teleportation
 B - 3 scrolls of fear
 C - 4 scrolls of recharging
 D - a scroll of holy word
 F - 8 scrolls of identify
 Q - 4 scrolls of fog
Potions
 f - 5 potions of heal wounds
 g - 8 potions of agility
 l - 4 potions of magic
 m - 3 potions of invisibility
 n - 12 potions of curing
 t - 4 potions of might
 E - 3 potions of berserk rage
 G - 2 potions of cancellation
 Y - 3 potions of haste
Comestibles
 c - 19 bread rations
 h - 30 fruits
 j - 15 meat rations
 P - 7 chunks of flesh
 U - a beef jerky


   Skills:
 + Level 17.4 Fighting
 - Level 21.0 Axes
 + Level 7.4 Throwing
 + Level 16.4 Armour
 - Level 0.7 Dodging
 - Level 5.0 Shields
 - Level 13.0 Invocations
 + Level 5.5 Evocations


You had 16 spell levels left.
You didn't know any spells.

Dungeon Overview and Level Annotations

Branches:
Dungeon (15/15)            Temple (0/1) D:4            Lair (8/8) D:9
 Shoals (1/4) Lair:6        Snake (3/4) Lair:5        Slime (0/6) Lair:7
    Orc (4/4) D:11            Elf (0/3) Orc:4        Vaults (0/5) D:13
 Depths (0/5) D:15

Altars:
Cheibriados
Gozag
Nemelex Xobeh
Okawaru
Beogh

Shops:
D:13 *   Orc:4 ?((*   Snake:1 [   Snake:3 :?

Annotations:
Lair:2 exclusion: 5 oklob plants
Abyss:1 Eustachio, Grinder, Menkaure, Sigmund, Sonja


Innate Abilities, Weirdness & Mutations

You have sharp toenails.


Message History

The merfolk impaler hits you from afar with a trident of holy wrath!
* * * LOW HITPOINT WARNING * * *
The merfolk impaler hits you from afar with a trident of holy wrath.
* * * LOW HITPOINT WARNING * * *
The merfolk impaler hits you from afar with a trident of protection!
* * * LOW HITPOINT WARNING * * *
The merfolk impaler closely misses you. The merfolk impaler barely misses you.
The merfolk impaler hits you but does no damage.
You block the merfolk impaler's attack.
The merfolk javelineer throws a javelin.
The javelin hits you.
* * * LOW HITPOINT WARNING * * *
You hear a splash.
You see here a javelin.
The merfolk javelineer throws a javelin.
The javelin hits you!
* * * LOW HITPOINT WARNING * * *
The merfolk impaler barely misses you.
The merfolk impaler hits you from afar with a trident of protection!
You die...

≈≈..≈≈≈≈≈≈≈≈≈≈≈≈≈P≈≈>.!.....P≈≈≈≈
≈...≈≈≈≈≈≈≈≈≈≈≈≈≈≈≈..........≈≈≈≈
...≈≈≈≈≈≈≈≈≈≈≈≈≈≈≈≈.[..P...≈≈≈≈≈≈
#...≈≈≈≈≈≈≈≈≈≈≈≈≈≈...P....≈≈≈≈≈≈≈
##.≈P≈≈≈≈≈≈≈≈≈≈≈PP..P...≈≈.≈≈≈≈≈≈
...≈≈≈≈≈≈≈≈≈≈.≈≈≈.PP...≈≈≈≈≈≈≈≈≈≈
..≈≈≈≈≈≈≈≈≈≈..≈≈P.#...≈≈≈≈≈≈≈≈
P≈≈≈≈≈P≈≈≈≈≈≈.≈≈≈....P≈≈≈≈≈≈≈≈
≈≈≈≈≈≈≈≈≈≈≈≈≈.≈P@P....≈≈≈≈≈≈≈≈
≈≈..≈≈≈..≈≈≈≈≈≈(≈≈PP..≈≈≈≈≈≈≈≈
≈≈P≈≈≈≈...≈≈≈≈≈mm≈...≈≈≈≈≈≈≈≈≈
≈≈≈≈........≈≈≈≈≈≈≈..≈≈≈≈.≈≈≈
≈≈≈........≈≈≈≈≈≈≈≈.≈≈≈≈≈≈≈≈
≈≈....##...≈≈≈≈≈≈...≈≈≈≈≈≈≈
≈.....###..≈≈≈≈≈.....≈≈≈≈≈≈
≈........≈m≈≈≈≈........≈≈≈≈
≈........≈≈≈..≈≈..#.....≈≈≈


You could see 2 merfolk impalers and a merfolk javelineer.

Vanquished Creatures
  5 greater nagas (Snake:3)
  Maud (Orc:3)
  Louise (D:15)
  Snorg (Lair:7)
  A merfolk javelineer (Shoals:1)
  A merfolk impaler (Shoals:1)
  Josephine (Lair:5)
  4 vault guards
  A fire dragon (Lair:8)
  A naga warrior (Snake:3)
  9 anacondas
  10 centaur warriors
  A catoblepas (D:13)
  A merfolk aquamancer (Lair:6)
  4 death yaks
  4 shock serpents
  A satyr (Shoals:1)
  3 naga sharpshooters
  6 sea snakes
  4 wizards
  A salamander mystic (Snake:3)
  A deep elf knight (D:13)
  3 naga ritualists (Snake:3)
  An unseen horror (D:15)
  7 mana vipers
  5 hill giants
  6 cyclopes
  14 ugly things
  2 water nymphs (Shoals:1)
  A necromancer (D:13)
  4 griffons
  2 orc knights (Orc:3)
  An orc sorcerer (Orc:4)
  7 salamanders
  A manticore (Shoals:1)
  2 centaur zombies
  3 sirens (Shoals:1)
  4 fauns (Shoals:1)
  21 elephants
  15 naga magi
  6 spiny frogs
  A torpor snail (Lair:5)
  An ice statue (Snake:1)
  24 black mambas
  An efreet (D:13)
  2 gargoyles
  12 komodo dragons
  4 kobold demonologists
  4 trolls
  10 merfolk
  8 fire drakes
  2 two-headed ogres
  3 slime creatures
  A wind drake (Shoals:1)
  5 deep elf magi
  2 boulder beetles
  23 blink frogs
  2 wyverns
  A spriggan (Lair:3)
  6 basilisks
  3 fire elementals (D:11)
  A human (D:7)
  44 yaks
  3 water elementals
  A hungry ghost (D:15)
  6 mottled dragons
  6 wraiths
  2 steam dragons
  8 vampire mosquitoes
  12 swamp worms (Lair:5)
  3 wargs
  9 wolves
  14 nagas
  14 hippogriffs
  39 orc warriors
  A swamp drake (Lair:8)
  15 porcupines
  13 water moccasins
  Purgy (Sewer)
  14 ogres
  A wasp (D:14)
  An eye of draining (D:14)
  3 necrophages
  5 ice beasts
  4 sky beasts
  A black bear (shapeshifter) (D:13)
  5 phantoms
  4 boggarts (D:14)
  2 slaves (D:7)
  4 big kobolds
  39 centaurs
  34 crocodiles
  Blork the orc (D:3)
  23 giant frogs
  2 scorpions
  11 wights
  9 killer bees (D:9)
  An electric eel (Snake:1)
  7 crimson imps
  2 giant frog zombies
  5 centaur skeletons
  10 hounds
  3 giant frog skeletons
  4 jellies
  Jessica (D:2)
  18 iguanas
  42 orc wizards
  13 worker ants
  23 orc priests
  39 sheep
  A hound zombie (D:10)
  A mummy (D:7)
  77 river rats
  2 worker ant zombies
  11 adders
  An adder zombie (D:8)
  An adder skeleton (D:4)
  8 worms
  9 giant geckos
  201 orcs
  3 giant cockroaches
  11 goblins
  9 hobgoblins
  19 jackals
  4 quokkas
  4 ball pythons (Sewer)
  5 bats
  3 giant gecko skeletons
  10 giant newts
  12 kobolds
  10 rats
  A butterfly (Lair:2)
  14 fungi
  12 plants
1234 creatures vanquished.

Vanquished Creatures (others)
  A fire giant (D:15)
  6 hydras
  A cyclops (Shoals:1)
  A centaur skeleton (D:13)
  A komodo dragon (Lair:7)
  A basilisk (Lair:3)
  A water moccasin (D:5)
  An orc warrior (D:8)
  An ogre (D:5)
  A wasp (D:13)
  A boggart (D:14)
  A crocodile (Lair:8)
  A worker ant (D:13)
  2 bushes
  34 fungi
  31 plants
85 creatures vanquished.

Grand Total: 1319 creatures vanquished

Notes
Turn   | Place    | Note
--------------------------------------------------------------
     0 | Abyss:1  | Helmschank the Hill Orc Abyssal Knight began the quest for the Orb.
     0 | Abyss:1  | Reached XP level 1. HP: 19/19 MP: 2/2
     5 | Abyss:1  | Found a corrupted altar of Lugonu.
    11 | D:1      | Escaped the Abyss
   292 | D:1      | Reached XP level 2. HP: 21/27 MP: 3/3
   776 | D:1      | Reached ** piety under Lugonu
   890 | D:2      | Reached XP level 3. HP: 15/33 MP: 4/4
   910 | D:2      | Noticed Jessica
  1087 | D:2      | Killed Jessica
  1087 | D:2      | Reached skill level 4 in Fighting
  1269 | D:2      | Found a faded altar to an unknown god.
  1272 | D:2      | Reached XP level 4. HP: 25/40 MP: 6/6
  2232 | D:2      | Reached XP level 5. HP: 40/47 MP: 7/7
  2791 | D:3      | Reached skill level 5 in Axes
  3445 | D:4      | Found a staircase to the Ecumenical Temple.
  3453 | D:4      | Noticed Eustachio
  3469 | D:4      | Reached XP level 6. HP: 42/53 MP: 8/8
  3481 | D:3      | Reached *** piety under Lugonu
  3621 | D:4      | Noticed Blork the orc
  3651 | D:3      | Reached skill level 5 in Fighting
  3794 | D:3      | Killed Blork the orc
  3794 | D:3      | Reached skill level 6 in Axes
  4008 | D:4      | Banished Eustachio
  4008 | D:4      | Reached XP level 7. HP: 61/61 MP: 10/10
  4100 | D:4      | Gained mutation: You have sharp toenails. [potion of beneficial mutation]
  4311 | D:4      | Noticed a phantom
  4358 | D:4      | Killed a phantom
  4494 | D:4      | Reached skill level 7 in Axes
  5368 | D:5      | Entered Level 5 of the Dungeon
  5383 | D:5      | Reached skill level 5 in Invocations
  5478 | D:5      | Found a glowing drain.
  5499 | D:5      | Reached XP level 8. HP: 70/70 MP: 11/11
  5568 | Sewer    | Entered a sewer
  5635 | Sewer    | Noticed Purgy
  5652 | Sewer    | Killed Purgy
  5652 | Sewer    | Reached skill level 8 in Axes
  5652 | Sewer    | Reached skill level 5 in Armour
  5994 | D:5      | Reached **** piety under Lugonu
  6190 | D:5      | Noticed Grinder
  6191 | D:5      | Banished Grinder
  6191 | D:5      | Reached skill level 9 in Axes
  6870 | D:6      | Found an opulent altar of Gozag.
  6885 | D:6      | Noticed Sigmund
  6886 | D:6      | Banished Sigmund
  6920 | D:6      | Noticed Menkaure
  6927 | D:6      | Banished Menkaure
  6927 | D:6      | Reached XP level 9. HP: 33/79 MP: 13/13
  7283 | D:6      | Reached skill level 10 in Axes
  8220 | D:6      | Reached skill level 11 in Axes
  9277 | D:7      | Reached skill level 12 in Axes
  9317 | D:7      | Reached XP level 10. HP: 68/86 MP: 16/16
 11325 | D:8      | Reached ***** piety under Lugonu
 11352 | D:8      | Got a jewelled helmet
 11363 | D:8      | Identified the cursed +0 helmet of Vustroas {Int+6} (You found it on level 8 of the Dungeon)
 11698 | D:9      | Reached skill level 13 in Axes
 12147 | D:9      | Identified a scroll of acquirement
 12148 | D:9      | Got a smoking arbalest
 12149 | D:9      | Identified the +11 arbalest of Neseuka {speed, rN+ Str-2 Dex+2} (You acquired it on level 9 of the Dungeon)
 12216 | D:9      | Noticed a wizard
 12239 | D:9      | Killed a wizard
 12566 | D:9      | Found a staircase to the Lair.
 12566 | D:9      | Noticed an elephant
 12613 | D:9      | Killed an elephant
 12850 | D:9      | Reached XP level 11. HP: 71/94 MP: 18/18
 13190 | D:9      | Found an iron altar of Okawaru.
 13228 | Lair:1   | Entered Level 1 of the Lair of Beasts
 13250 | D:9      | Reached skill level 14 in Axes
 13295 | D:9      | Reached skill level 10 in Invocations
 14717 | Lair:1   | Noticed an eight-headed hydra
 14723 | Lair:1   | Banished an eight-headed hydra
 16038 | Lair:2   | Reached skill level 15 in Axes
 16814 | Lair:3   | Noticed a four-headed hydra
 16820 | Lair:3   | Banished a four-headed hydra
 17015 | Lair:3   | Reached skill level 1 in Shields
 17150 | Lair:3   | Reached XP level 12. HP: 94/106 MP: 20/20
 17354 | Lair:3   | Noticed Sonja
 17361 | Lair:3   | Banished Sonja
 17571 | Lair:3   | Noticed a four-headed hydra
 17581 | Lair:3   | Banished a four-headed hydra
 17581 | Lair:3   | Reached skill level 10 in Fighting
 19673 | Lair:4   | Reached skill level 5 in Shields
 19974 | Lair:4   | HP: 1/107 [komodo dragon (21)]
 19978 | Lair:4   | Reached skill level 10 in Armour
 20730 | Lair:4   | Got a faintly glowing falchion
 20731 | Lair:4   | Identified the +6 falchion of Summertime {freeze, rElec Str+3 Int+6 Stlth-} (You found it on level 4 of the Lair of Beasts)
 20751 | Lair:4   | Reached skill level 16 in Axes
 20990 | Lair:4   | Reached ****** piety under Lugonu
 21272 | Lair:5   | Noticed Josephine
 21287 | Lair:5   | Noticed a death yak
 21289 | Lair:5   | Noticed a death yak
 21309 | Lair:5   | Killed Josephine
 21315 | Lair:5   | Noticed a death yak
 21318 | Lair:5   | Noticed a death yak
 21818 | Lair:4   | Killed a death yak
 21921 | Lair:4   | Killed a death yak
 21921 | Lair:4   | Reached XP level 13. HP: 11/116 MP: 20/22
 23161 | Lair:5   | Found a staircase to the Snake Pit.
 23388 | Lair:4   | Killed a death yak
 23535 | Lair:5   | Killed a death yak
 25053 | Lair:5   | Reached skill level 17 in Axes
 25853 | Lair:6   | Reached skill level 1 in Throwing
 25888 | Lair:6   | Found a staircase to the Shoals.
 26806 | Lair:6   | Got a crude rapier
 26807 | Lair:6   | Identified the cursed +1 rapier of Zin's Esteem {freeze, Dex+2 Stlth+} (You found it on level 6 of the Lair of Beasts)
 27982 | Lair:7   | Noticed Snorg
 27994 | Lair:7   | Found a dark tunnel.
 28023 | Lair:7   | Reached XP level 14. HP: 23/127 MP: 23/23
 28542 | Lair:7   | Killed Snorg
 29138 | Lair:7   | Found a staircase to the Slime Pits.
 30308 | D:10     | Entered Level 10 of the Dungeon
 31070 | D:10     | Reached skill level 5 in Throwing
 31568 | D:11     | Found a staircase to the Orcish Mines.
 31613 | D:11     | Found a roughly hewn altar of Beogh.
 33276 | D:11     | Identified Kikubaaqudgha's Catalogue of Stolen Souls
 33278 | D:11     | Identified Sif Muna's Papyrus of Toxins and Attacks
 33519 | Orc:1    | Entered Level 1 of the Orcish Mines
 34933 | Orc:3    | Noticed Maud
 35310 | Orc:3    | Killed Maud
 35744 | Orc:4    | Entered Level 4 of the Orcish Mines
 36655 | Lair:8   | Entered Level 8 of the Lair of Beasts
 37938 | Lair:8   | Reached XP level 15. HP: 130/139 MP: 24/24
 39141 | Orc:4    | Found a staircase to the Elven Halls.
 39593 | Orc:4    | Reached skill level 18 in Axes
 40558 | Orc:4    | Found Nenupp's Weapon Shoppe.
 40558 | Orc:4    | Found Viym's Antique Weapon Shop.
 40560 | Orc:4    | Found Patiofue's Magic Scroll Boutique.
 40562 | Orc:4    | Found Qiytur's Assorted Antiques.
 40763 | Orc:4    | Bought a scroll of noise for 12 gold pieces
 40772 | Orc:4    | Bought a glowing fluorescent wand for 132 gold pieces
 40772 | Orc:4    | Bought a pair of embroidered gloves for 148 gold pieces
 40772 | Orc:4    | Bought a pair of embroidered boots for 148 gold pieces
 40803 | Orc:4    | Bought a scroll of recharging for 114 gold pieces
 40803 | Orc:4    | Bought a scroll of identify for 24 gold pieces
 40803 | Orc:4    | Bought a scroll of identify for 24 gold pieces
 40803 | Orc:4    | Bought a scroll of identify for 24 gold pieces
 40803 | Orc:4    | Bought a scroll of identify for 24 gold pieces
 40803 | Orc:4    | Bought a scroll of magic mapping for 42 gold pieces
 40803 | Orc:4    | Bought a scroll of teleportation for 36 gold pieces
 40803 | Orc:4    | Bought a scroll of teleportation for 36 gold pieces
 40808 | Orc:4    | Bought a scroll of identify for 66 gold pieces
 40808 | Orc:4    | Bought a scroll of identify for 66 gold pieces
 40808 | Orc:4    | Bought a scroll of identify for 66 gold pieces
 41342 | D:12     | Got a transparent fire dragon armour
 41366 | D:12     | Identified the +1 fire dragon armour "Moefaac" {rF++ rC- Regen+ Int+2} (You found it on level 12 of the Dungeon)
 42539 | D:13     | Found a sparkling altar of Nemelex Xobeh.
 42654 | D:13     | Reached skill level 15 in Fighting
 42977 | D:13     | Found a runed door.
 43071 | D:13     | Found a gate to the Vaults.
 43570 | D:13     | Reached skill level 19 in Axes
 43773 | D:13     | Found Gozag's Platinum Reserve.
 43822 | D:13     | Found an opulent altar of Gozag.
 44894 | D:14     | Reached XP level 16. HP: 139/149 MP: 25/25
 45384 | D:14     | Reached skill level 15 in Armour
 45852 | D:15     | Entered Level 15 of the Dungeon
 45937 | D:15     | Found a staircase to the Depths.
 45959 | D:15     | Reached skill level 20 in Axes
 46154 | D:15     | Noticed Louise
 46165 | D:15     | Cast into the Abyss (Louise)
 46185 | D:15     | Escaped the Abyss
 46192 | D:15     | Killed Louise
 46796 | Snake:1  | Entered Level 1 of the Snake Pit
 47654 | Snake:1  | Found Nyqiukk's Armour Shop.
 47662 | Snake:1  | Bought a +2 pair of gloves of strength for 301 gold pieces
 47662 | Snake:1  | Bought a +0 buckler of reflection for 119 gold pieces
 47662 | Snake:1  | Bought the +1 pair of gloves of Mumblety Peg {rElec rF+ Regen+ rCorr Int-3} for 417 gold pieces
 48619 | Snake:3  | Found Rikhupha's Book Emporium.
 48790 | Snake:3  | Reached skill level 21 in Axes
 48836 | Snake:3  | Reached skill level 1 in Evocations
 49220 | Snake:3  | Reached XP level 17. HP: 157/160 MP: 10/26
 49889 | Snake:3  | Found Rasum's Assorted Antiques.
 49906 | Snake:3  | Found a snail-covered altar of Cheibriados.
 49969 | Snake:3  | Found Inuiha Piats's Magic Scroll Boutique.
 49986 | Snake:3  | Bought a scroll of blinking for 112 gold pieces
 50541 | Shoals:1 | Entered Level 1 of the Shoals
 50815 | Shoals:1 | Reached skill level 5 in Evocations
 51546 | Shoals:1 | Mangled by a merfolk impaler

Action                   |  1- 3 |  4- 6 |  7- 9 | 10-12 | 13-15 | 16-18 || total
-------------------------+-------+-------+-------+-------+-------+-------++-------
Melee: Hand axe          |    85 |   251 |   335 |       |       |       ||   671
       War axe           |       |       |   217 |  1205 |  1513 |       ||  2935
       Broad axe         |       |       |       |       |   644 |   805 ||  1449
       Battleaxe         |       |       |       |       |    51 |       ||    51
       Unarmed           |       |       |       |       |       |     7 ||     7
Throw: Stone             |    16 |     2 |     2 |       |       |       ||    20
       Tomahawk          |       |       |    76 |   129 |   101 |     2 ||   308
       Javelin           |       |       |       |       |    16 |    29 ||    45
Invok: Bend Space        |       |     1 |       |     3 |     4 |       ||     8
       Banish            |       |       |     6 |    10 |     7 |     3 ||    26
       Depart the Abyss  |       |       |       |       |       |     1 ||     1
Evoke: Wand              |       |       |       |     9 |     5 |     1 ||    15
  Use: Scroll            |       |       |    17 |    14 |     6 |     3 ||    40
       Potion            |       |       |     3 |     2 |     3 |     1 ||     9
 Stab: Invisible         |       |       |     5 |       |       |     2 ||     7
       Distracted        |       |       |       |       |     1 |       ||     1
       Petrifying        |       |       |       |       |     1 |       ||     1
       Petrified         |       |       |       |       |     1 |       ||     1
  Eat: Chunk             |     1 |     8 |    19 |    32 |    67 |    17 ||   144
       Beef jerky        |       |     1 |       |     5 |       |     2 ||     8
       Royal jelly       |       |       |       |     1 |       |     1 ||     2
       Pizza             |       |       |       |     1 |     6 |     1 ||     8
       Fruit             |       |       |       |     1 |       |     2 ||     3
